Cogmind - Beta 16.1 @@@ ROGUE MODE // 2026.04.03 @ 18:26:21 Player: Vena Result: Destroyed self via exploding Fusion Modulator Performance ------------- Evolutions (0) 0 Regions Visited (1) 200 Robots Destroyed (20) 100 Value Destroyed (305) 305 Prototype IDs (0) 0 Alien Tech Used (0) 0 Bonus (0) 0 TOTAL SCORE: 605 Bonus ------- None Cogmind --------- Core Integrity 0/250 Matter 300/300 Energy 100/100 System Corruption 0% Temperature Cool (89) Movement Rolling (80) Location -10/Materials Parts ------- > --- POWER (1) -------- (None) > --- PROPULSION (2) --- Wheel > --- UTILITY (2) ------ Small Storage Unit Transport Network Coupler > --- WEAPON (2) ------- (None) > --- INVENTORY (8) ---- Ion Engine Ion Engine Heat Sink Huge Storage Unit Sensor Array Improved Terrain Scanner Seismic Detector Peak State ------------ > --- POWER ------------ Light Nuclear Core > --- PROPULSION ------- Wheel Wheel > --- UTILITY ---------- Small Storage Unit Transport Network Coupler > --- WEAPON ----------- Heavy EM Pulse Gun Medium Laser > --- INVENTORY -------- Ion Engine Ion Engine Wheel Heat Sink Huge Storage Unit Sensor Array Improved Terrain Scanner Seismic Detector [Rating: 11] Favorites ----------- Power Ion Engine Engine Ion Engine Power Core Light Nuclear Core Propulsion Wheel Wheel Wheel Utility Small Storage Unit Device Sensor Array Storage Small Storage Unit Processor Transport Network Coupler Weapon Medium Laser Energy Gun Medium Laser Ballistic Gun Assault Rifle Build | -11 -10 ------- Run | Yrd Mat Slots Evolved . | . . Power . | . . Propulsion . | . . Utility . | . . Weapon . | . . Parts Attached 14 | 7 7 Power 2 | . 2 Engine 1 | . 1 Core 1 | . 1 Reactor . | . . Propulsion 4 | 2 2 Treads . | . . Leg . | . . Wheel 4 | 2 2 Hover . | . . Flight . | . . Utility 5 | 3 2 Device 3 | 2 1 Storage 1 | 1 . Processor 1 | . 1 Hackware . | . . Protection . | . . Artifact . | . . Weapon 3 | 2 1 Energy Gun 2 | 1 1 Energy Cannon . | . . Ballistic Gun 1 | 1 . Ballistic Cannon . | . . Launcher . | . . Special Weapon . | . . Impact Weapon . | . . Slashing Weapon . | . . Piercing Weapon . | . . Special Melee Weapon . | . . Unidentified Prototypes . | . . Parts Lost 5 | . 5 Power . | . . Propulsion 2 | . 2 Utility . | . . Weapon 3 | . 3 Highest Loss Streak 4 | . 4 To Critical Strikes . | . . Average Backups 6 | 4 7 Power 1 | 1 1 Propulsion 1 | 1 1 Utility 2 | . 3 Weapon . | 1 . Tool/Special . | . . Unused Backups 6 | . 6 Power 1 | . 1 Propulsion 2 | . 2 Utility 2 | . 2 Weapon 1 | . 1 Tool/Special . | . . Average Slot Usage (%) 97 | . 97 Engine 11 | . 11 Core 1 | . 1 Wheel 28 | . 28 Device 9 | . 9 Storage 14 | . 14 Processor 4 | . 4 Energy Gun 15 | . 15 Ballistic Gun 12 | . 12 Peak Build Rating 11 | 8 11 Average Rating 7 | 4 7 On Entrance 3 | . 6 Avg Prop Armor Cover (%) . | . . Naked Turns . | . . Heaviest Build 15 | 10 15 Greatest Support 20 | 20 20 Greatest Overweight (x) 1 | . 1 Average Overweight (x) . | . . Largest Inventory Capacity 8 | 8 8 Average Capacity 7 | 7 8 Most Carried 8 | 7 8 Average Carried 6 | 4 7 Final Capacity 8 | 8 8 Final Carried 7 | 7 7 Class Distribution -------------------- 100% | Mutant Dominant Class ---------------- Mutant | -10/Materials Resources | -11 -10 ----------- Run | Yrd Mat Matter Collected 449 | 281 168 Remotely . | . . Salvage Created 542 | 163 379 Parts 38 | 8 30 Haulers Intercepted 1 | . 1 Recyclers Shooed . | . . Parts Field Recycled . | . . Retrieved Matter . | . . Parts Self-Destructed . | . . Prevented . | . . Parts Restored . | . . Kills | -11 -10 ------- Run | Yrd Mat Combat Hostiles Destroyed 10 | . 10 Guns 7 | . 7 AOE 3 | . 3 Classes Destroyed 7 | 2 5 Worker 1 | . 1 Tunneler 5 | 4 1 Hauler 1 | . 1 Recycler 2 | 1 1 Watcher 1 | . 1 Swarmer 6 | . 6 Grunt 4 | . 4 Best Kill Streak 5 | 5 4 Combat Bots Only 3 | . 3 Max Kills in Single Turn 4 | 1 4 Gunslinging 1 | . 1 Exploded 3 | . 3 Melee . | . . Uniques/NPCs Destroyed . | . . Combat | -11 -10 -------- Run | Yrd Mat Hostile Shots Fired 75 | . 75 Missed 17 | . 17 Hits 58 | . 58 Projectile 58 | . 58 Critical Strikes 1 | . 1 Damage Taken 692 | . 692 Core 266 | . 266 Absorbed by Shields . | . . Core Remaining (%) 100 | 100 . Volleys Fired 52 | 13 39 Largest 2 | 2 2 Hottest 95 | 70 95 Shots Fired 92 | 17 75 Gun 92 | 17 75 Cannon . | . . Launcher . | . . Special . | . . Kinetic 38 | 4 34 Thermal 52 | 13 39 Explosive . | . . Electromagnetic 2 | . 2 Robot Hit Streak 12 | 4 12 Robot Miss Streak 3 | 2 3 Penetration Max . | . . Secondary Targets 1 | . 1 Max Gunslinging Chain 1 | . 1 Shots Hit Robots 52 | 9 43 Core Hits 26 | 5 21 Critical Kills . | . . Critical Parts Destroyed 1 | . 1 Critical Strikes 3 | . 3 Burn 2 | . 2 Destroy 1 | . 1 Melee Attacks . | . . Impact . | . . Slashing . | . . Piercing . | . . Sneak Attacks . | . . Combat Hostiles . | . . Follow-up Attacks . | . . Damage Inflicted 1113 | 118 995 Guns 655 | 118 537 Cannons . | . . Explosions 458 | . 458 Melee . | . . Ramming . | . . Kinetic 313 | 30 283 Thermal 784 | 88 696 Explosive . | . . Electromagnetic 16 | . 16 Impact . | . . Slashing . | . . Piercing . | . . Highest Corruption . | . . Average Corruption . | . . Corruption Purged . | . . Corruption Blocked . | . . Overload Shots . | . . Overflow Damage 107 | . 107 Projectiles . | . . Explosions 107 | . 107 Melee . | . . Knockbacks . | . . Impact . | . . Kinetic . | . . Secondary . | . . Self-Inflicted Damage 153 | . 153 Shots 2 | . 2 Rammed . | . . Targets Rammed . | . . Kicked . | . . Crushed . | . . Highest Temperature 90 | . 90 Average Temperature 22 | . 22 Received Heat Transfer 99 | . 99 Siege Activations . | . . Martial Activations . | . . Shielding Activations . | . . Robots Disrupted . | . . Combat Hostiles . | . . Robots Corrupted . | . . Combat Hostiles . | . . Parts Fried . | . . Impact Corruptions . | . . Robots Melted . | . . Combat Hostiles . | . . Parts Melted 4 | 1 3 Heat Transferred 1460 | 259 1201 Parts Sabotaged . | . . Parts Stolen . | . . Parts Stripped . | . . Power Chain Reactions . | . . Alert | -11 -10 ------- Run | Yrd Mat Maximum Alert Level . | . . Low Security (%) 100 | 100 100 Level 1 . | . . Level 2 . | . . Level 3 . | . . Level 4 . | . . Level 5 . | . . High Security . | . . Max Security . | . . Peak Influence 90 | 20 90 Initial 3 | . 3 Average 30 | 4 35 Influence Increases 409 | 25 384 Destroy 0b10 Robot/C 200 | . 200 Destroy 0b10 Robot/NC 50 | 25 25 Destroy Leader 34 | . 34 Successful Hack 14 | . 14 Disable Machine 45 | . 45 Destroy Structure 21 | . 21 Lose Combat Pursuer 45 | . 45 Influence Decreases 268 | 20 248 Entered New Map 2 | . 2 Time Decay 223 | 20 203 Lost Part 43 | . 43 Squads Dispatched . | . . Investigation . | . . Extermination . | . . Reinforcement . | . . Assault . | . . Garrison . | . . Intercept . | . . Searches Triggered . | . . Construction Impeded . | . . Haulers Reinforced . | . . Active Scanning Responses . | . . Cargo Convoy Interrupts . | . . Stealth | -11 -10 --------- Run | Yrd Mat Distress Signals . | . . Communications Jammed . | . . Distress Signals . | . . Times Spotted 20 | . 20 Peak Tracking Total 7 | . 7 Tactical Retreats 2 | . 2 Traps | -11 -10 ------- Run | Yrd Mat Traps Triggered 1 | . 1 Indirectly . | . . Trap Hack Attempts . | . . Triggered . | . . Disarmed . | . . Reprogrammed . | . . Reused . | . . Traps Extracted . | . . Installed . | . . Triggered . | . . Machines | -11 -10 ---------- Run | Yrd Mat Machines Disabled 3 | . 3 Max in Single Turn 3 | . 3 Machines Repaired . | . . Machines Dismantled . | . . Machines Sabotaged . | . . Overloaded Fab Kills . | . . Hacking | -11 -10 --------- Run | Yrd Mat Machines Accessed 6 | . 6 Terminals 5 | . 5 Fabricators . | . . Repair Stations . | . . Recycling Units 1 | . 1 Scanalyzers . | . . Garrison Access . | . . Total Hacks 16 | . 16 Successful 7 | . 7 Failed 9 | . 9 Catastrophic . | . . Database Lockouts . | . . Manual 11 | . 11 Terminals 14 | . 14 Fabricators . | . . Repair Stations . | . . Recycling Units 2 | . 2 Scanalyzers . | . . Garrison Access . | . . Terminal Hacks 2 | . 2 Locate Traps 1 | . 1 Maintenance Status 1 | . 1 Fabricator Hacks . | . . Repair Station Hacks . | . . Recycling Unit Hacks 1 | . 1 Retrieve Components 1 | . 1 Scanalyzer . | . . Garrison Access Hacks . | . . Unauthorized Hacks 4 | . 4 Terminals 4 | . 4 Track 1 | . 1 Botnet 1 | . 1 Operators 2 | . 2 Fabricators . | . . Repair Stations . | . . Recycling Units . | . . Scanalyzers . | . . Garrison Access . | . . Data Cores Recovered . | . . Used . | . . Hacking Detections 5 | . 5 Full Trace Events 1 | . 1 Feedback Events . | . . Feedback Blocked . | . . Robot Schematics Acquired . | . . Robots Built . | . . Authchips . | . . Time . | . . Total Robot Build Rating . | . . Part Schematics Acquired . | . . Parts Built . | . . Authchips . | . . Time . | . . Total Part Build Rating . | . . Part Studies Acquired . | . . Parts Repaired . | . . Time . | . . Parts Recycled . | . . Recycled Matter . | . . Retrieved Matter . | . . Retrieved Components 1 | . 1 Parts Scanalyzed . | . . Part Schematics Acquired . | . . Parts Damaged . | . . Bothacking | -11 -10 ------------ Run | Yrd Mat Used RIF Installer . | . . Robots Hacked . | . . Non-combat . | . . Combat . | . . Robot Hacks Applied . | . . Relay Couplers Released . | . . Fabnet Peak Effective % . | . . Robots Rewired . | . . Allies Hacked . | . . Hacks Repelled . | . . Allies | -11 -10 -------- Run | Yrd Mat Total Allies . | . . Largest Group . | . . Highest-Rated Group . | . . Highest-Rated Ally . | . . Total Orders . | . . Ally Attacks . | . . Total Damage . | . . Kills . | . . Allies Corrupted . | . . Allies Melted . | . . Intel | -11 -10 ------- Run | Yrd Mat Active Infowar (turns) 665 | 30 635 Sensors 369 | . 369 Terrain 21 | 21 . Seismic 64 | 9 55 T.N.C. 211 | . 211 Robot Analysis Total . | . . Derelict Logs Recovered . | . . Drone Launches . | . . Drone Recoveries . | . . Exploration | -11 -10 ------------- Run | Yrd Mat Turns Passed 763 | 124 639 Spaces Moved 613 | 93 520 Core 3 | 3 . Treads . | . . Legs . | . . Wheels 610 | 90 520 Hover . | . . Flight . | . . Fastest Speed 50 | 50 80 Average Speed 79 | 79 80 Slowest Speed 95 | 80 95 Overloaded Moves . | . . Propulsion Burnouts . | . . Robots Hopped . | . . Potential Cave-ins . | . . Cave-ins Triggered . | . . Exploration Rate (%) 37 | 4 70 Regions Visited 1 Branch Regions . Pre-discovered Areas . | . . Known Exits Taken . | . . Unknown Exits Taken 1 | 1 . Scrap Searched . | . . Spaces Dug . | . . Terrain Destroyed 20 | . 20 Melee . | . . Projectile . | . . AOE 20 | . 20 Terrain Rammed . | . . Walls Destroyed . | . . Machines Disabled . | . . Actions | -11 -10 --------- Run | Yrd Mat Total 791 | 123 668 Wait 92 | 3 89 Move 612 | 92 520 Hop . | . . Pick Up 14 | 8 6 Fast Attach 6 | 5 1 Attach 5 | 1 4 Detach . | . . Swap 4 | 1 3 Drop 6 | . 6 Fire 52 | 13 39 Melee . | . . Ram . | . . Kick . | . . Crush . | . . Escape Stasis . | . . Rewire . | . . Trap . | . . Miscellaneous . | . . Route ------- -11/Scrapyard -10/Materials (discovered 3 exits: [*Mat x2] / [*Min]) History --------- Turn | Location | Event 7 | -11/Scrapyard | Discovered new exit (range 14) 125 | -11/Scrapyard | Entered Materials 217 | -10/Materials | Discovered new exit (range 7) 303 | -10/Materials | Build established: Mutant 315 | -10/Materials | Discovered new exit (range 12) 624 | -10/Materials | Discovered new exit (range 9) 764 | -10/Materials | Destroyed self via exploding Fusion Modulator Last Messages --------------- >>Trojan(Operators) Trojan loaded successfully. Testing... Operator tracking enabled and active. 00722_ Connecting with Terminal... 00725_ K-01 Serf cleans the Fusion Modulator. 00742_ Wheel destroyed. 00757_ Hvy. EM Pulse Gun destroyed. 00762_ Wheel destroyed. 00762_ Med. Laser destroyed. 00763_ Dropped Lgt. Nuclear Core. 00764_ Fusion Modulator explodes. 00764_ Destroyed Flight Unit. 00764_ Destroyed Lgt. Ion Engine. 00764_ Flight Unit melted. 00764_ S-10 Pest destroyed. 00764_ Destroyed Lgt. Assault Rifle. 00764_ S-10 Pest destroyed. 00764_ Fusion Modulator explodes. 00764_ Recycling Unit disabled. Map ----- +----------------------------------------------------+ | ?????????????????????????????????????????????????? | | ?????????????????????????????????????????????????? | | ?????????????????????? ??????????????????????????? | | ?????????????????????? ??????????????????????????? | | ?????????????????????? ???????############???????? | | ?????????????????????? ???????# # #???????? | | ?????????????????????? ???????# < # """ #???????? | | ?????????????????????? ???????# # """ ######??? | | ?????????????????????? #??????# + """ ##!! #### | | ?????????????????????# #??????# # ##!! | | ?????????????????????# #??????# # = ##[[ | | ?????????????????????# ######## ######### [[ | | ?????????????????????# # # #???????#== | | ????????????""???????# # !# #???????#== | | ?????????"??"""??????# + """ # ############# | | ???????""" """ ?????# # """ + a | | ??????? ##### # """ # #####T## | | ??????? + !# #???#### | | ???????############ ######## ######## | | ???????# #?# #[ !## # # | | ???????# #?# # ## # + | | ???????# #?# #"" ## # """# | | ???????# [### #"Y !!## w """# " | | ???????# =+% u ; !!#T # """# " | | ???????# ### ; ## # # | | ???????# #?# ;@ ;;# ######## | | ???????# ##;* % #### | | ???????# % ##; %% #####+# | | ???????#####+#####; ## | | ########### ! ^^^^^#### ## | | # # k #??# ## | | # + w ;##### #??# ## | | # """ # g ;#???# #??# ## | | ?""""" # ##T## g ;;;# ;#???# #??# ## | | ?""""" ?# #####+##/###???# ##???# #??# ## | | ??"""" ?# ## #????# #????#+#??# ## % | | ???"" ??+ ## #????# #?????????# ## | | ?? ??# ## #????# #?????????#!#####+# | | ??####+???# ## #??### #?????????# #???# | | ??????????# ## #??# #?????????#|#???# | | ??????????# ## #??# ########### #####! | | ??????????# ## #??# # =*+% == [ =!# | | ??????????# ## #??# # !##########!# | | ?????????## ## #??# # ## #%# | | ????????## ##/########## # !!!## =!!! | | ? # !!!## #!# | | ? " + !!!########## # | | ??? ##########??????# # | | ????###### ##+########## # #??????#=# | | ?????????## #????????????# # """ #??????# # | +----------------------------------------------------+ Best States ------------- Heat Dissipation 25 Energy Generation 14 Energy Capacity 250 Matter Stores 300 Matter Capacity 300 Sight Range 16 Robot Scan Range 14 Terrain Scan Range 16 Terrain Scan Density 10 Evasion (%) 44 Item Schematics ----------------- None Robot Schematics ------------------ None Fabricated ------------ Nothing Repaired ---------- Nothing Studied --------- None Alien Tech Used ----------------- None Achievements -------------- None Challenges ------------ None Game ------ Seed TitaniumSingularityPrototype Manual? 0 Play Time 00:15:13 Cumulative 25.7 hours Start 2026.04.03 @ 18:11:30 End 2026.04.03 @ 18:26:21 Sessions 1 Manual Loads 0 Difficulty Rogue Special Mode None Game No. 25 Rogue 25 Adventurer 0 Explorer 0 Win Type - Total 0 Types 0/0/0/0/0/0/0/0/0/0 Lore% 9 Gallery% 18 Achievement% 16 Wizard Run 0 Options --------- Layout 1 ASCII 0 Keyboard 0 Movement Mouse Keybinds 0 Fullscreen 2 Font 24/Smallcaps Map View 50x35 Zoom Use 0% Tactical HUD 1 Map Filters NONE Filters NONE Steam 1 RUN: e7942674-5d8b-42a6-a4b6-d4bbc8abc8d4